Map: Void Training Stage 1

Players

Player 2 - Winner!

  • Race: Zerg Zerg
  • Spawn Location: 11:00

FireTiger

  • Race: Protoss Protoss
  • Spawn Location: 5:00

VOD

Have the link to the VOD?

Description

HELP ME DAY9

Time

  • Played on: May 17, 2022, 3:48 p.m.
  • Length: 21:58
Show
View Real Time Build Order
Export as new Build Order

Player 2 Zerg - Winner!

Build Orders: Pool First 

Get SALT Encoding   

  12  0:00  Drone  
  13  0:12  Overlord  
  13  0:17  Drone  
  14  0:34  Spawning Pool  
  13  0:37  Drone  
  13  0:41  Extractor  
  13  0:44  Drone  
  14  0:51  Overlord  
  14  1:21  Zergling x2, Queen  
  17  1:29  Roach Warren  
  17  1:31  Extractor  
  15  1:34  Drone  
  16  1:41  Drone  
  17  1:49  Zergling x2  
  18  2:03  Drone  
  19  2:10  Drone  
  20  2:17  Drone, Zergling x2  
  22  2:28  Overlord  
  22  2:32  Drone  
  23  2:39  Drone  
  24  2:45  Roach  
  24  2:47  Drone  
  27  7:21  Drone  
  30  7:22  Roach  
  30  7:23  Overlord, Lair  
  30  7:32  Hatchery  
  30  7:33  Drone  
  32  7:58  Roach  
  32  8:23  Overseer x2  
  31  8:45  Drone  
  32  8:52  Drone  
  33  8:57  Extractor  
  33  8:59  Drone  
  33  9:01  Extractor  
  32  9:07  Drone  
  33  9:14  Drone  
  34  9:21  Drone  
  35  9:28  Drone  
  36  9:36  Drone  
  37  9:43  Drone  
  38  9:50  Drone  
  38  9:54  Zergling x2  
  38  9:57  Drone  
  39  10:05  Drone  
  40  10:12  Drone  
  41  10:19  Drone  
  42  10:26  Drone  
  41  10:30  Roach  
  41  10:33  Drone  
  44  10:41  Drone  
  44  10:42  Overlord  
  45  10:48  Drone  
  46  10:55  Drone  
  47  11:02  Drone  
  48  11:09  Drone  
  49  12:46  Overseer, Pneumatized Carapace  
  49  12:47  Overlord x2  
  49  13:07  Zergling x2  
  47  13:23  Overseer  
  43  15:13  Zergling x2  
  41  15:41  Zergling x2  
  41  15:42  Hatchery  
  39  15:54  Queen  
  38  16:10  Roach  
  40  16:39  Zergling x2  
  39  16:54  Drone  
  40  17:01  Drone  
  41  17:09  Drone, Zergling x2, Roach Warren  
  41  17:13  Extractor  
  40  17:16  Drone  
  39  17:23  Drone  
  39  17:26  Queen  
  39  17:31  Drone  
  37  17:37  Zergling x2  
  37  17:38  Drone  
  38  17:45  Drone  
  37  17:51  Roach  
  37  17:53  Drone  
  37  18:00  Drone  
  37  18:01  Roach  
  40  18:07  Drone  
  40  18:11  Roach  
  42  18:14  Drone  
  37  18:23  Drone  
  37  18:24  Roach  
  39  18:30  Drone  
  40  18:34  Roach  
  40  18:37  Drone  
  43  18:44  Drone  
  44  18:51  Drone  
  45  18:58  Drone  
  46  19:03  Zergling x2  
  46  19:05  Drone  
  46  19:13  Drone, Roach  
  49  19:20  Drone  
  50  19:27  Drone  
  51  19:34  Drone  
  52  19:39  Extractor  
  52  19:41  Drone  
  52  19:49  Drone  
  51  19:56  Drone  
  52  20:03  Drone  
  53  21:00  Zergling x2  
  53  21:21  Roach  
  51  21:33  Roach  
Show
View Real Time Build Order
Export as new Build Order

FireTiger Protoss 

Build Orders:  

Get SALT Encoding   

  12  1:10  Probe  
  13  1:29  Probe  
  14  1:46  Probe  
  15  2:04  Nexus  
  15  2:27  Pylon  
  15  2:45  Probe  
  16  3:22  Gateway  
  16  3:33  Probe  
  17  3:53  Probe  
  18  4:06  Probe  
  19  4:21  Assimilator  
  19  4:32  Probe  
  20  4:58  Zealot  
  22  5:05  Probe  
  23  5:32  Assimilator  
  23  5:41  Zealot  
  25  5:54  Gateway  
  25  6:01  Pylon  
  25  6:11  Probe  
  26  6:23  Probe  
  27  6:35  Probe  
  28  7:39  Pylon  
  22  8:44  Zealot  
  22  9:11  Zealot  
  23  9:48  Zealot  
  21  10:09  Cybernetics Core  
  21  10:19  Zealot  
  23  10:46  Zealot  
  25  11:16  Stalker  
  27  11:32  Nexus  
  27  11:46  Stalker  
  29  11:52  Probe  
  30  12:10  Pylon  
  30  12:28  Stalker  
  32  12:58  Adept  
  30  13:45  Adept  
  28  14:18  Assimilator  
  28  14:22  Adept  
  30  14:24  Stalker  
  32  14:52  Probe  
  33  15:01  Assimilator  
  33  15:30  Probe  
  34  15:42  Pylon, Probe  
  33  15:53  Zealot  
  35  15:58  Sentry  
  37  16:11  Assimilator  
  37  16:19  Gateway  
  34  16:40  Probe  
  34  16:53  Probe  
  33  16:58  Sentry  
  33  16:59  Adept  
  37  17:05  Probe  
  37  17:07  Adept  
  40  17:51  Stalker  
  40  17:52  Stalker  
  42  18:06  Gateway  
  42  18:08  Adept  
  40  18:13  Probe  
  39  18:36  Probe  
  39  18:38  Adept  
  36  19:13  Nexus  
  34  19:28  Stalker  
  36  19:32  Sentry  
  36  19:36  Sentry  
  36  19:37  Sentry  
  36  20:00  Zealot  
  36  20:01  Zealot  
  40  20:20  Zealot  
  42  20:22  Zealot  
  42  20:28  Zealot  
  46  20:29  Zealot  
  46  20:37  Probe  
  47  20:49  Probe  
  48  20:54  Zealot  
  48  20:55  Zealot  
  41  21:30  Zealot  
  41  21:31  Zealot  
Tags
 
Add a new tag
Caveats
  • Supply blocks, unpowered buildings, or Contaminate may cause inaccurate times.
  • Supply counts are checked every 10 seconds.